APP
TEXAS (APP) RANGERS @ BALTIMORE (APP) ORIOLES
05/02/2044
 
TOP OF THE 1ST
Texas (APP) Rangers batting - Pitching for Baltimore (APP) Orioles : RHP Matt Talaski
Pitching: RHP Matt Talaski
Batting: LHB Walter Vegter 0-0: Foul Ball, location: 2F
0-1: Ball
1-1: Fly out, F7 (Flyball, 7D, EV 88.8 MPH)
Batting: RHB Robby Adair 0-0: Called Strike
0-1: Foul Ball, location: 2F
0-2: Ball
1-2: Ball
2-2: SINGLE (Groundball, 3D, EV 109.4 MPH)
Batting: LHB Tomoya Hashimoto 0-0: Called Strike
0-1: Ball
1-1: Ball
2-1: DOUBLE (Line Drive, 5D, EV 95.6 MPH)
Robby Adair to third
Runner from 3rd tries for Home, throw by LF and OUT! 7-6-2
Tomoya Hashimoto to third
Batting: RHB Ryan Pastore 0-0: Called Strike
0-1: Swinging Strike
0-2: Foul Ball, location: 2F
0-2: Strikes out looking
Top of the 1st over - 0 runs, 2 hits, 0 errors, 1 left on base; Texas (APP) 0 - Baltimore (APP) 0
BOTTOM OF THE 1ST
Baltimore (APP) Orioles batting - Pitching for Texas (APP) Rangers : RHP Davion Jones
Pitching: RHP Davion Jones
Batting: RHB Mike Zepeda 0-0: Swinging Strike
0-1: DOUBLE (Line Drive, 9LM, EV 106.9 MPH)
Batting: RHB Fernando Bravo 0-0: Called Strike
0-1: Called Strike
0-2: Strikes out swinging
Batting: RHB Jeremy Sipe 0-0: Ball
1-0: Ball
2-0: Ball
3-0: Called Strike
Balk!
Mike Zepeda to third
3-1: Swinging Strike
3-2: TRIPLE (Line Drive, 78XD, EV 107.5 MPH)
Mike Zepeda scores
Batting: LHB Justin Alworth 0-0: Ball
1-0: Ball
2-0: Ball
3-0: Called Strike
3-1: Called Strike
3-2: Foul Ball, location: 2F
3-2: Ground out 5-3 (Groundball, 5, EV 101.9 MPH)
Batting: RHB Lee Deason 0-0: Called Strike
0-1: Ball
1-1: Ground out 2-3 (Groundball, 15S, EV 68.8 MPH)
Bottom of the 1st over - 1 run, 2 hits, 0 errors, 1 left on base; Texas (APP) 0 - Baltimore (APP) 1
TOP OF THE 2ND
Texas (APP) Rangers batting - Pitching for Baltimore (APP) Orioles : RHP Matt Talaski
Batting: RHB David Redman 0-0: Ball
1-0: Foul Ball, location: 2F
1-1: Fly out, F8 (Flyball, 78M, EV 83.8 MPH)
Batting: RHB Matt Silva 0-0: Ball
1-0: Called Strike
1-1: Foul Ball, location: 2F
1-2: Foul Ball, location: 2F
1-2: Ball
2-2: Ball
3-2: Fly out, F9 (Flyball, 9LS, EV 81.2 MPH)
Batting: RHB Rafael Tapia 0-0: Called Strike
0-1: Fly out, F7 (Line Drive, 7D, EV 91.2 MPH)
Top of the 2nd over - 0 runs, 0 hits, 0 errors, 0 left on base; Texas (APP) 0 - Baltimore (APP) 1
BOTTOM OF THE 2ND
Baltimore (APP) Orioles batting - Pitching for Texas (APP) Rangers : RHP Davion Jones
Batting: LHB Tomas de Zeeuw 0-0: Ball
1-0: Called Strike
1-1: Ball
2-1: Foul Ball, location: 2F
2-2: Ground out 5-3 (Groundball, 5, EV 88.1 MPH)
Batting: RHB Kaleb Yerger 0-0: Ball
1-0: Called Strike
1-1: SINGLE (Groundball, 3D, EV 103.8 MPH)
Batting: RHB Ryan Vest 0-0: Ball
1-0: Called Strike
1-1: Foul Ball, location: 2F
1-2: Foul Ball, location: 2F
1-2: Ball
2-2: Ball
3-2: Fly out, F7 (Line Drive, 7, EV 95.6 MPH)
Batting: RHB Ioan Biros 0-0: Called Strike
0-1: Ball
1-1: Ball
2-1: DOUBLE (Groundball, 5L, EV 94.4 MPH)
Kaleb Yerger to third
Batting: RHB Mike Zepeda 0-0: Ball
1-0: Foul Ball, location: 2F
1-1: Foul Ball, location: 2F
1-2: Fly out, F2 (Popup, 3SF, EV 86.9 MPH)
Bottom of the 2nd over - 0 runs, 2 hits, 0 errors, 2 left on base; Texas (APP) 0 - Baltimore (APP) 1
TOP OF THE 3RD
Texas (APP) Rangers batting - Pitching for Baltimore (APP) Orioles : RHP Matt Talaski
Batting: RHB Alex Lopez 0-0: Foul Ball, location: 2F
0-1: Ground out 3-1 (Groundball, 34S, EV 83.8 MPH)
Batting: SHB Albert Ortiz 0-0: Ball
1-0: Swinging Strike
1-1: Swinging Strike
1-2: Ball
2-2: Strikes out swinging
Batting: LHB Walter Vegter 0-0: SINGLE (Groundball, 34D, EV 102.5 MPH) (infield hit)
Batting: RHB Robby Adair 0-0: Ball
1-0: Called Strike
1-1: Fly out, F7 (Flyball, 7S, EV 88.1 MPH)
Top of the 3rd over - 0 runs, 1 hit, 0 errors, 1 left on base; Texas (APP) 0 - Baltimore (APP) 1
BOTTOM OF THE 3RD
Baltimore (APP) Orioles batting - Pitching for Texas (APP) Rangers : RHP Davion Jones
Batting: RHB Fernando Bravo 0-0: Ground out 6-3 (Groundball, 6, EV 84.4 MPH)
Batting: RHB Jeremy Sipe 0-0: Called Strike
0-1: Ball
1-1: Swinging Strike
1-2: Fly out, F7 (Line Drive, 7D, EV 90.0 MPH)
Batting: LHB Justin Alworth 0-0: Ball
1-0: Swinging Strike
1-1: SINGLE (Groundball, 3D, EV 107.5 MPH)
Batting: RHB Lee Deason 0-0: Called Strike
0-1: Foul Ball, location: 2F
0-2: Ball
1-2: Strikes out swinging
Bottom of the 3rd over - 0 runs, 1 hit, 0 errors, 1 left on base; Texas (APP) 0 - Baltimore (APP) 1
TOP OF THE 4TH
Texas (APP) Rangers batting - Pitching for Baltimore (APP) Orioles : RHP Matt Talaski
Batting: LHB Tomoya Hashimoto 0-0: Ground out 4-3 (Groundball, 13, EV 86.9 MPH)
Batting: RHB Ryan Pastore 0-0: Ball
1-0: Swinging Strike
1-1: Swinging Strike
1-2: Ball
2-2: Foul Ball, location: 2F
2-2: Strikes out swinging
Batting: RHB David Redman 0-0: Ground out 5-3 (Groundball, 5S, EV 86.2 MPH)
Top of the 4th over - 0 runs, 0 hits, 0 errors, 0 left on base; Texas (APP) 0 - Baltimore (APP) 1
BOTTOM OF THE 4TH
Baltimore (APP) Orioles batting - Pitching for Texas (APP) Rangers : RHP Davion Jones
Batting: LHB Tomas de Zeeuw 0-0: Ball
1-0: Bunt for hit to 3S - play at first, batter safe!
Batting: RHB Kaleb Yerger 0-0: Called Strike
0-1: Ball
1-1: Called Strike
1-2: Strikes out swinging
Batting: RHB Ryan Vest 0-0: Ball
Tomas de Zeeuw steals 2nd base
1-0: Ball
2-0: Called Strike
2-1: Fly out, F4 (Line Drive, 4, EV 70.6 MPH)
Lined into DP, 4-6 (Line Drive, 4, EV 66.9 MPH)
Bottom of the 4th over - 0 runs, 1 hit, 0 errors, 0 left on base; Texas (APP) 0 - Baltimore (APP) 1
TOP OF THE 5TH
Texas (APP) Rangers batting - Pitching for Baltimore (APP) Orioles : RHP Matt Talaski
Batting: RHB Matt Silva 0-0: Swinging Strike
0-1: Swinging Strike
0-2: Strikes out swinging
Batting: RHB Rafael Tapia 0-0: Fly out, F3 (Popup, 34S, EV 72.5 MPH)
Batting: RHB Alex Lopez 0-0: Called Strike
0-1: Foul Ball, location: 2F
0-2: Ball
1-2: Strikes out swinging
Top of the 5th over - 0 runs, 0 hits, 0 errors, 0 left on base; Texas (APP) 0 - Baltimore (APP) 1
BOTTOM OF THE 5TH
Baltimore (APP) Orioles batting - Pitching for Texas (APP) Rangers : RHP Davion Jones
Batting: RHB Ioan Biros 0-0: Called Strike
0-1: Ball
1-1: Foul Ball, location: 2F
1-2: Ground out 1-3 (Groundball, 15S, EV 66.2 MPH)
Batting: RHB Mike Zepeda 0-0: Called Strike
0-1: Swinging Strike
0-2: Strikes out looking
Batting: RHB Fernando Bravo 0-0: Ball
1-0: Fly out, F7 (Flyball, 7S, EV 85.6 MPH)
Bottom of the 5th over - 0 runs, 0 hits, 0 errors, 0 left on base; Texas (APP) 0 - Baltimore (APP) 1
TOP OF THE 6TH
Texas (APP) Rangers batting - Pitching for Baltimore (APP) Orioles : RHP Matt Talaski
Batting: SHB Albert Ortiz 0-0: Foul Ball, location: 2F
0-1: Called Strike
0-2: Ball
1-2: Strikes out swinging
Batting: LHB Walter Vegter 0-0: SINGLE (Groundball, 5, EV 107.5 MPH)
Batting: RHB Robby Adair 0-0: Ball
Walter Vegter is caught stealing 2nd base 2-4
1-0: Ball
2-0: Ball
3-0: Base on Balls
Batting: LHB Tomoya Hashimoto 0-0: Swinging Strike
0-1: Ground out 5-3 (Groundball, 56S, EV 67.5 MPH)
Top of the 6th over - 0 runs, 1 hit, 0 errors, 1 left on base; Texas (APP) 0 - Baltimore (APP) 1
BOTTOM OF THE 6TH
Baltimore (APP) Orioles batting - Pitching for Texas (APP) Rangers : RHP Davion Jones
Batting: RHB Jeremy Sipe 0-0: Fly out, F9 (Flyball, 89S, EV 88.1 MPH)
Batting: LHB Justin Alworth 0-0: Called Strike
0-1: Ball
1-1: Called Strike
1-2: Ball
2-2: Ball
3-2: Strikes out swinging, 2-3 out at first.
Batting: RHB Lee Deason 0-0: Ball
1-0: Foul Ball, location: 2F
1-1: Fly out, F3 (Popup, 3F, EV 63.8 MPH)
Bottom of the 6th over - 0 runs, 0 hits, 0 errors, 0 left on base; Texas (APP) 0 - Baltimore (APP) 1
TOP OF THE 7TH
Texas (APP) Rangers batting - Pitching for Baltimore (APP) Orioles : RHP Matt Talaski
Batting: RHB Ryan Pastore 0-0: Ball
1-0: SOLO HOME RUN (Flyball, 9D, EV 103.1 MPH), Distance : 396 ft
Batting: RHB David Redman 0-0: Called Strike
0-1: Ball
1-1: Swinging Strike
1-2: Ball
2-2: Foul Ball, location: 2F
2-2: DOUBLE (Line Drive, 9LM, EV 106.9 MPH)
Batting: RHB Matt Silva 0-0: Ball
1-0: Ball
2-0: Called Strike
2-1: Foul Ball, location: 2F
2-2: Ground out 1-3 (Groundball, 15S, EV 71.2 MPH)
Pitching: RHP Jon Grason
Pinch Hitting: LHB Justin Wheelock 0-0: Ball
1-0: SINGLE (Groundball, 3D, EV 99.4 MPH)
David Redman to third
Runner from 3rd tries for Home, SAFE, throw by RF to home
Batting: RHB Alex Lopez 0-0: Swinging Strike
0-1: Ball
1-1: Fielders Choice at 2nd, 6-4 (Groundball, 6, EV 103.8 MPH)
Batting: SHB Albert Ortiz 0-0: Ball
Alex Lopez steals 2nd base
1-0: Called Strike
1-1: Swinging Strike
1-2: Strikes out swinging
Top of the 7th over - 2 runs, 3 hits, 0 errors, 1 left on base; Texas (APP) 2 - Baltimore (APP) 1
BOTTOM OF THE 7TH
Baltimore (APP) Orioles batting - Pitching for Texas (APP) Rangers : RHP Davion Jones
Now at 2B: Carlos Munos
Now at SS: Alex Lopez
Batting: LHB Tomas de Zeeuw 0-0: Called Strike
0-1: Foul Ball, location: 2F
0-2: Ball
1-2: Strikes out swinging
Batting: RHB Kaleb Yerger 0-0: Called Strike
0-1: SINGLE (Line Drive, 89M, EV 110.6 MPH)
Pinch Hitting: LHB Antonio Cantu 0-0: Called Strike
0-1: Foul Ball, location: 2F
0-2: Ball
Wild Pitch!
Kaleb Yerger to second
1-2: Foul Ball, location: 2F
1-2: Ground out 4-3 (Groundball, 34, EV 102.5 MPH)
Kaleb Yerger to third
Batting: RHB Ioan Biros 0-0: Ball
1-0: Ground out 6-3 (Groundball, 6, EV 79.4 MPH)
Bottom of the 7th over - 0 runs, 1 hit, 0 errors, 1 left on base; Texas (APP) 2 - Baltimore (APP) 1
TOP OF THE 8TH
Texas (APP) Rangers batting - Pitching for Baltimore (APP) Orioles : RHP Jon Grason
Now at 3B: Matt O'Dea
Batting: LHB Walter Vegter 0-0: Ground out 5-3 (Groundball, 56S, EV 88.1 MPH)
Batting: RHB Robby Adair 0-0: Ball
1-0: Ball
2-0: Called Strike
2-1: Ground out 5-3 (Groundball, 5, EV 103.1 MPH)
Batting: LHB Tomoya Hashimoto 0-0: Foul Ball, location: 2F
0-1: Called Strike
0-2: SINGLE (Line Drive, 34D, EV 98.1 MPH)
Batting: RHB Ryan Pastore 0-0: Called Strike
0-1: Foul Ball, location: 2F
0-2: Ball
1-2: Strikes out swinging
Top of the 8th over - 0 runs, 1 hit, 0 errors, 1 left on base; Texas (APP) 2 - Baltimore (APP) 1
BOTTOM OF THE 8TH
Baltimore (APP) Orioles batting - Pitching for Texas (APP) Rangers : RHP Davion Jones
Now in LF: Jordan Llanes
Batting: RHB Mike Zepeda 0-0: Foul Ball, location: 2F
0-1: Ball
1-1: Called Strike
1-2: Foul Ball, location: 2F
1-2: Strikes out swinging
Pitching: LHP A.J. Heffner
Batting: RHB Fernando Bravo 0-0: Called Strike
0-1: Foul Ball, location: 2F
0-2: Foul Ball, location: 2F
0-2: Ball
1-2: Strikes out swinging
Batting: RHB Jeremy Sipe 0-0: Ball
1-0: Called Strike
1-1: Foul Ball, location: 2F
1-2: Foul Ball, location: 2F
1-2: Ball
2-2: Hit by Pitch
Batting: LHB Justin Alworth 0-0: Swinging Strike
0-1: Ball
1-1: Called Strike
1-2: Strikes out swinging
Bottom of the 8th over - 0 runs, 0 hits, 0 errors, 1 left on base; Texas (APP) 2 - Baltimore (APP) 1
TOP OF THE 9TH
Texas (APP) Rangers batting - Pitching for Baltimore (APP) Orioles : RHP Jon Grason
Pitching: RHP Chris Kimura
Batting: RHB David Redman 0-0: Ball
1-0: Fly out, F8 (Flyball, 78S, EV 98.8 MPH)
Batting: RHB Matt Silva 0-0: Called Strike
0-1: Ball
1-1: Foul Ball, location: 2F
1-2: Ground out 6-3 (Groundball, 6S, EV 68.8 MPH)
Batting: RHB Carlos Munos 0-0: Ball
1-0: Ball
2-0: Swinging Strike
2-1: Ball
3-1: SINGLE (Groundball, 6S, EV 74.4 MPH) (infield hit)
Batting: RHB Alex Lopez 0-0: Called Strike
0-1: Ball
1-1: Called Strike
1-2: Ball
Carlos Munos steals 2nd base
2-2: Strikes out swinging
Top of the 9th over - 0 runs, 1 hit, 0 errors, 1 left on base; Texas (APP) 2 - Baltimore (APP) 1
BOTTOM OF THE 9TH
Baltimore (APP) Orioles batting - Pitching for Texas (APP) Rangers : LHP A.J. Heffner
Pitching: RHP Mike Warren
Batting: RHB Lee Deason 0-0: Swinging Strike
0-1: Foul Ball, location: 2F
0-2: Strikes out looking
Batting: LHB Tomas de Zeeuw 0-0: Ball
1-0: Called Strike
1-1: Swinging Strike
1-2: Strikes out swinging
Batting: RHB Kaleb Yerger 0-0: SINGLE (Groundball, 6MD, EV 100.0 MPH)
Batting: RHB Matt O'Dea 0-0: Ball
1-0: Called Strike
1-1: Ball
2-1: Foul Ball, location: 2F
2-2: Strikes out swinging
Bottom of the 9th over - 0 runs, 1 hit, 0 errors, 1 left on base; Texas (APP) 2 - Baltimore (APP) 1
Thursday, March 31st , 2022 - OOTP Baseball 22.12 Build 89